 Dungeon Crawl Stone Soup version 0.26.1-2-gb8aa6d0cf2 (webtiles) character file.

Game seed: 16539301596631611887

57 Ladykiller69 the Cudgeller (level 4, 0/48 HPs)
             Began as an Ogre Gladiator on Mar 5, 2021.
             Succumbed to Sigmund's poison
             ... on level 2 of the Dungeon.
             The game lasted 00:05:24 (1965 turns).

Ladykiller69 the Cudgeller (Ogre Gladiator)         Turns: 1965, Time: 00:05:24

Health: 0/48       AC:  4    Str: 19    XL:     4   Next: 0%
Magic:  4/4        EV: 10    Int:  9    God:
Gold:   124        SH:  0    Dex: 10    Spells: 3/3 levels left

rFire    . . .     SeeInvis .   a - +0 flail
rCold    . . .     Faith    .   (no shield)
rNeg     . . .     Spirit   .   b - +0 robe
rPois    .         Reflect  .   c - +0 hat
rElec    .         Harm     .   n - +0 cloak
rCorr    .         Rampage  .   (gloves unavailable)
Will     .....                  (boots unavailable)
Stlth    +.........             (no amulet)
HPRegen  0.16/turn              (no ring)
MPRegen  0.09/turn              (no ring)

@: confused, lethally poisoned (0 -> -41), attractive, very slightly
contaminated, hasted, invisible, very quick
A: large, unfitting armour, tough skin 1
a: no special abilities


You were on level 2 of the Dungeon.
You visited 1 branch of the dungeon, and saw 2 of its levels.

You collected 124 gold pieces.

Inventory:

Hand Weapons
 a - a +0 flail (weapon)
 i - a +0 whip
Missiles
 d - 3 throwing nets
 e - 77 stones (quivered)
Armour
 b - a +0 robe (worn)
 c - a +0 hat (worn)
 n - a +0 cloak (worn)
Jewellery
 g - an uncursed ring of stealth {unknown}
 k - a +6 ring of intelligence {unknown}
 o - an uncursed amulet of the acrobat {unknown}
Scrolls
 h - a scroll of fog {unknown}
Potions
 j - a potion of invisibility
 l - a potion of attraction
 m - a potion of curing {unknown}
 p - a potion of might {unknown}


   Skills:
 + Level 3.6 Fighting
 * Level 3.7 Maces & Flails
 - Level 2.2 Throwing
 - Level 2.8 Dodging


You had 3 spell levels left.
You didn't know any spells.
Your spell library was empty.

Dungeon Overview and Level Annotations

Branches:
Dungeon (2/15)

Altars:

Annotations:
D:2 Sigmund


Innate Abilities, Weirdness & Mutations

You are too large for most types of armour.
You have tough skin. (AC +1)


Message History

* * * LOW HITPOINT WARNING * * *
You feel very sick.
Sigmund giggles. "Time to reap what you sow."
Sigmund hits you from afar with a +2 scythe of venom.
* * * LOW HITPOINT WARNING * * *
You are more poisoned.
You are too confused!
It was a potion of haste.
You feel yourself speed up.
* * * LOW HITPOINT WARNING * * *
You feel very sick.
It was a potion of invisibility.
You fade into invisibility!
* * * LOW HITPOINT WARNING * * *
You feel very sick. Sigmund casts a spell at you. You resist with some effort.
You are very lightly contaminated with residual magic.
It was a potion of attraction.
You feel attractive to monsters.
You die...

#..# #..#####.####
######.########..##.......#
#...#.........#..##.##.##.#
#.#.###.#####..........##.#
..#.###.# ##.....######.#
###.....# ##...## #.#
###.....# ##.## #.#
#.#.###.# #.# #.# #.#.#...#
#@# #.# #...#.#.# ##'## #.#
#####.#.# #..@# ......#.#
#.....# .####...#
#......... .####...#
#.........## .......##
#....#####+ ######## #####


You could see Sigmund.

Vanquished Creatures
  An adder (D:2)
  An ooze (D:2)
  A worm (D:2)
  2 dart slugs (D:1)
  2 leopard geckos
  A ball python (D:1)
  5 goblins
  4 hobgoblins
  4 kobolds
  4 bats (D:1)
  3 frilled lizards (D:1)
  8 rats
36 creatures vanquished.

Notes
Turn   | Place    | Note
-------+----------+-------------------------------------------
     0 | D:1      | Ladykiller69 the Ogre Gladiator began the quest for the
                  | Orb.
     0 | D:1      | Reached XP level 1. HP: 22/22 MP: 1/1
   199 | D:1      | Reached XP level 2. HP: 12/29 MP: 2/2
   587 | D:1      | Reached XP level 3. HP: 35/37 MP: 3/3
  1768 | D:2      | Reached XP level 4. HP: 38/48 MP: 4/4
  1948 | D:2      | Noticed Sigmund
  1964 | D:2      | HP: 2/48 [poisoned by Sigmund]
  1965 | D:2      | Succumbed to Sigmund's poison

Illustrated notes

Levels and vault maps discovered:
D:1:      dpeg_arrival_signposts, layout_basic, minmay_tromino_v4_b
D:2:      layout_loops_corners, nicolae_overflow_hidden_temple,
          gammafunk_temple_overflow_elements, chequers_ecumenical_altar_lobes,
          bh_walls_and_bars, uniq_sigmund

Skill      XL: |  1  2 |
---------------+-------+-----
Fighting       | 3 |  3.6
Maces & Flails | 3 |  3.7
Throwing       | |  2.2
Dodging        | |  2.8

Action                   |  1- 3 |  4- 6 || total
-------------------------+-------+-------++-------
Melee: Flail             |   106 |     4 ||   110
Throw: Stone             |     4 |       ||     4
  Use: Potion            |       |     3 ||     3
Armor: Robe              |    38 |       ||    38
Dodge: Dodged            |    69 |     2 ||    71
